 Dungeon Crawl Stone Soup version 0.28.0-53-g5a82cb258f (webtiles) character file.

Game seed: 4121405496122537284

105 nickcage the Chiller (level 4, -7/33 HPs)
             Began as a Draconian Ice Elementalist on May 24, 2022.
             Was an Initiate of Vehumet.
             Mangled by a wyvern skeleton (8 damage)
             ... on level 6 of the Dungeon.
             The game lasted 00:07:29 (3194 turns).

nickcage the Chiller (Draconian Ice Elementalist)   Turns: 3194, Time: 00:07:29

Health: -7/33      AC:  5    Str: 11    XL:     4   Next: 53%
Magic:  3/8        EV: 12    Int: 17    God:    Vehumet [......]
Gold:   60         SH:  0    Dex: 11    Spells: 7/9 levels left

rFire   . . .      SeeInvis .   g - +2 halberd (vorpal)
rCold   . . .      Faith    .   (shield currently unavailable)
rNeg    . . .      Spirit   .   (armour unavailable)
rPois   .          Reflect  .   (helmet restricted)
rElec   .          Harm     .   (no cloak)
rCorr   .          Rampage  .   (no gloves)
Will    .....                   (no boots)
Stlth   ++........              (no amulet)
HPRegen 0.11/turn               (no ring)
MPRegen 0.11/turn               (no ring)

@: very slightly contaminated
A: AC +5, unfitting armour, cold-blooded
a: Renounce Religion


You were on level 6 of the Dungeon.
You worshipped Vehumet.
Vehumet was noncommittal.
You visited 1 branch of the dungeon, and saw 4 of its levels.

You collected 60 gold pieces.

Inventory:

Hand Weapons
 c - a +0 whip
 d - a +0 war axe
 g - a +2 vorpal halberd (weapon)
Wands
 f - a wand of flame (11)
 k - a wand of paralysis (6)
 m - a wand of iceblast (9)
Scrolls
 b - 2 scrolls of enchant armour {unknown}
 e - 5 scrolls of identify {unknown}
 h - a scroll of fear {unknown}
 n - a scroll of vulnerability {unknown}
Potions
 a - 2 potions of mutation {unknown}
 i - a potion of cancellation {unknown}
 j - a potion of invisibility {unknown}
 l - a potion of lignification {unknown}


   Skills:
 - Level 1.7 Dodging
 - Level 1.7 Stealth
 + Level 3.1 Spellcasting
 * Level 1.5 Conjurations
 - Level 5.0 Ice Magic


You had 7 spell levels left.
You knew the following spells:

 Your Spells              Type           Power      Damage    Failure   Level
a - Freeze                Ice            76%        1d9       2%          1
b - Magic Dart            Conj           28%        1d4       9%          1

Your spell library contained the following spells:

 Spells                   Type           Power      Damage    Failure   Level
 Frozen Ramparts          Ice            38%        1d5       7%          3
 Ozocubu's Armour         Ice            19%        N/A       7%          3
 Call Imp                 Summ           2%         N/A       26%         2
 Mephitic Cloud           Conj/Pois/Air  4%         N/A       38%         3
 Hailstorm                Conj/Ice       13%        3d5       41%         4


Dungeon Overview and Level Annotations

Branches:
Dungeon (3/15)

Altars:
Makhleb
Vehumet

Annotations:
D:3 1 runed translucent door, Zeld's ghost, amateur GrEE


Innate Abilities, Weirdness & Mutations

Your plain brown scales are hard. (AC +5)
You cannot fit into any form of body armour.
You are cold-blooded and may be slowed by cold attacks.


Message History

You freeze the crimson imp.
The crimson imp is lightly wounded.
The crimson imp hits you but does no damage.
You freeze the crimson imp!
The crimson imp is frozen!
You kill the crimson imp!
Your Spellcasting skill increases to level 3!
f - a wand of flame (11) (gained 1 charge)
There is a radiant altar of Vehumet here.
You kneel at the altar of Vehumet.
Vehumet welcomes you!
Magic restored.
There is an open door here.
You see here 24 arrows.
You see here a +0 robe.
Found a stone staircase leading down.
A wyvern skeleton is nearby!
The magic dart hits the wyvern skeleton.
The wyvern skeleton is lightly damaged.
You miscast Magic Dart.
You are very lightly contaminated with residual magic.
Nothing appears to happen.
You miscast Magic Dart.
Nothing appears to happen.
You freeze the wyvern skeleton but do no damage.
The wyvern skeleton completely resists.
The wyvern skeleton closely misses you.
You freeze the wyvern skeleton but do no damage.
The wyvern skeleton completely resists.
The wyvern skeleton bites you!
You freeze the wyvern skeleton but do no damage.
The wyvern skeleton completely resists.
The wyvern skeleton bites you but does no damage.
The wyvern skeleton bites you!
You are too injured to fight recklessly!
You barely miss the wyvern skeleton. You tail-slap the wyvern skeleton.
The wyvern skeleton is moderately damaged.
The wyvern skeleton bites you. The wyvern skeleton misses you.
You hit the wyvern skeleton. You tail-slap the wyvern skeleton.
The wyvern skeleton is heavily damaged.
The wyvern skeleton misses you. The wyvern skeleton bites you!
* * * LOW HITPOINT WARNING * * *
The wyvern skeleton bites you!
You die...

# ##.#.. .#.#.#
###>####### .....#
#......@Z.###......
....#####......#...
. ###........
####[...#...
#......## .
#####..#..##
#.........#
#####.........#
#.............###.


You could see a wyvern skeleton.

Vanquished Creatures
  A crimson imp (D:6)
  2 adders
  3 dart slugs (D:1)
  An orc (D:3)
  2 bats (D:1)
  4 endoplasms
  A giant cockroach (D:2)
  4 hobgoblins
  5 jackals (D:1)
  4 quokkas
  5 ball pythons
  3 frilled lizards
  3 goblins
  3 kobolds
  4 rats
  A spectral hobgoblin (D:1)
  2 bushes (D:2)
48 creatures vanquished.

Vanquished Creatures (others)
  2 plants (D:2)
2 creatures vanquished.

Grand Total: 50 creatures vanquished

Notes
Turn   | Place    | Note
-------+----------+-------------------------------------------
     0 | D:1      | nickcage the Draconian Ice Elementalist began the quest for
                  | the Orb.
     0 | D:1      | Reached XP level 1. HP: 14/14 MP: 3/3
   410 | D:1      | Reached XP level 2. HP: 19/20 MP: 1/5
   956 | D:1      | Learned a level 1 spell: Magic Dart
  1011 | D:1      | Found a faded altar of an unknown god.
  1250 | D:2      | Reached XP level 3. HP: 26/26 MP: 0/6
  2745 | D:3      | Reached skill level 1 in Conjurations
  2749 | D:3      | Reached XP level 4. HP: 33/33 MP: 6/8
  2815 | D:3      | Identified the +3 leather armour of Verdant Music {Harm
                  | Slay+3}
  2893 | D:3      | Found a runed translucent door.
  2893 | D:3      | Noticed Zeld's ghost (amateur GrEE)
  2953 | D:3      | Reached skill level 5 in Ice Magic
  3122 | D:3      | You fall into a shaft and drop 3 floors!
  3138 | D:6      | Found a burning altar of Makhleb.
  3138 | D:6      | Found a radiant altar of Vehumet.
  3147 | D:6      | Became a worshipper of Vehumet
  3190 | D:6      | HP: 1/33 [wyvern skeleton (10)]
  3194 | D:6      | Mangled by a wyvern skeleton

Illustrated notes

Levels and vault maps discovered:
D:1:      amcnicky_arrival_feature_with_door, layout_loops_ring,
          dreamdust_ecumenical_altar_drowned_temple
D:2:      layout_rooms, serial_forest, infiniplex_forest_zigzag_2,
          infiniplex_forest_clump_large, infiniplex_forest_straight_3,
          infiniplex_forest_straight_3, infiniplex_forest_straight_4,
          infiniplex_forest_clump_medium, infiniplex_forest_clump_curved,
          infiniplex_forest_end_1
D:3:      layout_loops_cross, hellmonk_ghost_happy_afterlife
D:6:      layout_rooms, grunt_temple_overflow_lords_of_destruction,
          ashenzari_altar_1, serial_shops, nicolae_shop_advertising_works
          [nicolae_subvault_shop_adworks]

Skill      XL: |  1  2  3  4 |
---------------+-------------+-----
Conjurations   | 1 |  1.5
Ice Magic      | 5 |  5.0
Spellcasting   | 3 |  3.1
Dodging        | |  1.7
Stealth        | |  1.7

Action                   |  1- 3 |  4- 6 || total
-------------------------+-------+-------++-------
Melee: Unarmed           |    15 |       ||    15
       Tailslap          |    16 |     2 ||    18
       Whip              |     9 |       ||     9
       Halberd           |    89 |     4 ||    93
 Cast: Freeze            |    49 |     7 ||    56
       Magic Dart        |    43 |     2 ||    45
 Stab: Sleeping          |     1 |     1 ||     2
Armor: Skin              |    26 |     4 ||    30
Dodge: Dodged            |    39 |     3 ||    42
